 Dungeon Crawl Stone Soup version 0.29-a0-393-g47a863cc1b (webtiles) character file.

Game seed: 15589408735114696944

20447 dolemite99 the Impaler (level 12, -4/96 (108) HPs)
             Began as a Minotaur Gladiator on May 10, 2022.
             Was an Initiate of Gozag.
             Slain by a cane toad (18 damage)
             ... on level 3 of the Lair of Beasts.
             The game lasted 00:18:00 (20675 turns).

dolemite99 the Impaler (Minotaur Gladiator)        Turns: 20675, Time: 00:18:01

HP:   -4/96 (108)   AC: 17    Str: 24    XL:     12   Next: 45%
MP:   11/11         EV:  8    Int:  5    God:    Gozag
Gold: 535           SH:  0    Dex: 12    Spells: 11/11 levels left

rFire   + + .      SeeInvis .   b - +1 halberd (flame)
rCold   + + .      Faith    .   (shield currently unavailable)
rNeg    . . .      Spirit   .   J - +0 plate armour
rPois   .          Reflect  .   c - +0 hat
rElec   .          Harm     .   F - scarf {rC+ rF+}
rCorr   .          Rampage  .   G - +1 pair of gloves
Will    .....                   (no boots)
Stlth   ..........              (no amulet)
HPRegen 0.26/turn               f - ring of protection from cold
MPRegen 0.12/turn               y - ring of protection from fire

@: heavily drained
A: horns 2, retaliatory headbutt
a: Renounce Religion, Potion Petition, Call Merchant, Bribe Branch


You were on level 3 of the Lair of Beasts.
You worshipped Gozag.
Gozag was pleased with you.
You visited 3 branches of the dungeon, and saw 13 of its levels.

You collected 2899 gold pieces.
You donated 25 gold pieces to Zin.
You paid 2339 gold pieces to Gozag.

Inventory:

Hand Weapons
 a - a +2 trident
 b - a +1 halberd of flaming (weapon)
 I - a +0 vorpal halberd
Missiles
 d - 6 throwing nets
 e - 4 javelins
 h - 288 stones
 q - 9 boomerangs (quivered)
 u - 20 poisoned darts
Armour
 c - a +0 hat (worn)
 F - a scarf of resistance (worn)
 G - a +1 pair of gloves (worn)
 J - a +0 plate armour (worn)
Magical Staves
 v - a staff of air
 D - a staff of death
Jewellery
 f - a ring of protection from cold (left hand)
 j - a ring of ice
 n - a ring of protection from cold
 t - a +6 ring of intelligence
 y - a ring of protection from fire (right hand)
Wands
 g - a wand of flame (46)
Scrolls
 k - a scroll of immolation
 s - 3 scrolls of magic mapping
 w - 3 scrolls of noise
Potions
 l - a potion of berserk rage {unknown}
 m - a potion of cancellation {unknown}
 o - 2 potions of invisibility
 p - a potion of haste {unknown}
 r - a potion of mutation {unknown}
 x - 5 potions of attraction
 z - 2 potions of ambrosia
 A - a potion of lignification {unknown}
 B - 2 potions of magic {unknown}
 C - 2 potions of brilliance
 H - a potion of degeneration {unknown}
 O - a potion of experience {unknown}


   Skills:
 - Level 10.6 Fighting
 - Level 15.9 Polearms
 - Level 7.5(9.3) Slings
 + Level 7.6(8.8) Throwing
 - Level 11.3 Armour
 - Level 3.2 Dodging


You had 11 spell levels left.
You didn't know any spells.
Your spell library contained the following spells:

 Spells                   Type           Power      Damage    Failure   Level
 Beastly Appendage        Tmut           0%         N/A       99%         1
 Corpse Rot               Necr/Air       0%         N/A       100%        2
 Poisonous Vapours        Pois/Air       0%         N/A       100%        2
 Wereblood                Tmut           0%         N/A       100%        2
 Spider Form              Tmut/Pois      0%         N/A       100%        3
 Stone Arrow              Conj/Erth      0%         3d7       100%        3
 Animate Armour           Summ/Erth      0%         N/A       100%        4
 Dispersal                Tloc           0%         N/A       100%        6
 Disjunction              Tloc           0%         N/A       100%        8
 Lehudib's Crystal Spear  Conj/Erth      0%         10d2      100%        8


Dungeon Overview and Level Annotations

Branches:
Dungeon (9/15)             Temple (1/1) D:5            Lair (3/6) D:9
  Swamp (0/4) Lair:3        Snake (0/4) Lair:3
    Orc: D:9-12

Altars:
Ashenzari
Cheibriados
Dithmenos
Elyvilon
Fedhas
Gozag
Hepliaklqana
Kikubaaqudgha
Makhleb
Nemelex Xobeh
Okawaru
Qazlal
Ru
Sif Muna
Trog
Uskayaw
Vehumet
Wu Jian
Xom
Yredelemnul
Zin
The Shining One

Annotations:
D:3 3 runed translucent doors, Crazy Yiuf; Grinder; Slifar's ghost, weakling DrFE
D:7 2 transporters, logorrheac's ghost, novice DsBr
Lair:1 exclusion: oklob plant
Lair:2 3 runed translucent doors, Heh's ghost, journeyman OpBr


Innate Abilities, Weirdness & Mutations

You have a pair of horns on your head.
You reflexively headbutt those who attack you in melee.


Message History

You completely miss the wolf.
The wolf is heavily wounded.
The wolf bites you!
A cane toad comes into view.
The wolf barely misses you.
You slice the wolf!! You burn the wolf.
You kill the wolf!
The wolf bites you.
You hit the wolf but do no damage. You headbutt the wolf.
The wolf is heavily wounded.
The wolf is distracted by your dazzling golden aura.
The hell rat bites you but does no damage.
You hit the hell rat. You burn the hell rat.
The hell rat is lightly wounded.
The hell rat bites you but does no damage.
You slash the hell rat! You burn the hell rat.
You kill the hell rat!
The wolf is no longer distracted by gold.
The wolf bites you but does no damage.
The wolf is distracted by your dazzling golden aura.
You see here 9 gold pieces.
You barely miss the cane toad.
The wolf howls!
You headbutt the cane toad!
The cane toad is moderately wounded.
The cane toad stings you!
* * * LOW HITPOINT WARNING * * *
You slash the cane toad! You burn the cane toad.
The cane toad is heavily wounded.
The wolf is no longer distracted by gold.
The wolf is distracted by your dazzling golden aura.
The wolf howls!
You puncture the cane toad! You burn the cane toad. You headbutt the cane toad!
The cane toad is almost dead.
The cane toad stings you but does no damage.
You closely miss the cane toad.
The cane toad is almost dead.
The cane toad stings you!!
You die...
Your body crumbles into a pile of gold.

## ### .## ##.# #.##
##h@# ##.###### #.F##
#..#.#.######..##
##..##.#P##P...P#
###........$.....###
####......$......#.#
##k#..P...$$......##
#kk#..............P##
.w##................#
#


You could see a cane toad and a wolf.

Vanquished Creatures
  Fannar (Lair:2)
  A hydra (Lair:1)
  Harold (Lair:2)
  Erolcha (D:8)
  2 two-headed ogres
  A centaur warrior (D:9)
  A deep elf pyromancer (D:9)
  A manticore (D:9)
  Maggie (D:6)
  4 cane toads (Lair:2)
  2 rime drakes
  9 komodo dragons
  2 trolls (D:9)
  A tyrant leech (Lair:3)
  A slime creature (D:9)
  Sigmund (D:2)
  A shadow (D:9)
  3 wyverns
  12 yaks
  Eustachio (D:4)
  2 basilisks
  2 steam dragons
  A swamp worm (Lair:3)
  2 acid dragons (D:9)
  13 water moccasins
  An ice beast (D:6)
  4 orc warriors
  A sky beast (D:7)
  5 black bears
  8 wolves
  6 centaurs
  A kobold brigand (D:6)
  3 phantoms
  12 bullfrogs
  3 scorpions
  A necrophage (D:5)
  A gnoll sergeant (D:8)
  A wight (D:9)
  6 killer bees
  11 howler monkeys
  5 jellies
  3 hounds
  4 orc priests
  A gnoll shaman (D:4)
  Jessica (D:3)
  Natasha (thrice) (D:2)
  Terence (D:3)
  7 iguanas
  10 orc wizards
  5 hell rats (Lair:3)
  8 gnolls
  6 adders
  A shadow imp (D:7)
  2 white imps
  2 ufetubi
  31 orcs
  7 ball pythons
  4 bats
  21 endoplasms
  7 giant cockroaches
  13 goblins
  9 hobgoblins
  11 kobolds
  2 quokkas
  4 frilled lizards
  5 rats
304 creatures vanquished.

Vanquished Creatures (collateral kills)
  3 killer bees (D:9)
  A giant cockroach (D:4)
4 creatures vanquished.

Vanquished Creatures (others)
  59 fungi
  72 plants
131 creatures vanquished.

Grand Total: 439 creatures vanquished

Notes
Turn   | Place    | Note
-------+----------+-------------------------------------------
     0 | D:1      | dolemite99 the Minotaur Gladiator began the quest for the
                  | Orb.
     0 | D:1      | Reached XP level 1. HP: 18/18 MP: 0/0
   130 | D:1      | Reached skill level 4 in Polearms
   284 | D:1      | Reached XP level 2. HP: 25/25 MP: 1/1
   592 | D:1      | Found a faded altar of an unknown god.
  1071 | D:1      | Prayed at the altar of an unknown god.
  1071 | D:1      | Became a worshipper of Zin the Law-Giver
  1071 | D:1      | Reached * piety under Zin
  1129 | D:2      | Reached skill level 5 in Polearms
  1176 | D:2      | Reached XP level 3. HP: 23/30 MP: 2/2
  1242 | D:2      | Reached ** piety under Zin
  1837 | D:2      | Noticed Natasha
  1841 | D:2      | Killed Natasha
  1842 | D:2      | Reached skill level 6 in Polearms
  1842 | D:2      | Reached XP level 4. HP: 23/37 MP: 3/3
  1918 | D:2      | Noticed Natasha
  1922 | D:2      | Killed Natasha
  1975 | D:2      | Noticed Sigmund
  1983 | D:2      | Killed Sigmund
  1984 | D:2      | Reached skill level 8 in Polearms
  1984 | D:2      | Reached XP level 5. HP: 42/42 MP: 4/4
  2044 | D:2      | Noticed Natasha
  2052 | D:2      | Killed Natasha
  2053 | D:2      | Reached XP level 6. HP: 39/50 MP: 5/5
  2222 | D:3      | Noticed Terence
  2231 | D:3      | Killed Terence
  2373 | D:3      | Found a large runed translucent door.
  2373 | D:3      | Found a large runed translucent door.
  2709 | D:3      | Noticed Slifar's ghost (weakling DrFE)
  2885 | D:3      | Reached skill level 9 in Polearms
  3083 | D:3      | Found a runed translucent door.
  3084 | D:3      | Noticed Crazy Yiuf
  3224 | D:3      | Noticed Jessica
  3229 | D:3      | Killed Jessica
  3476 | D:3      | Noticed Grinder
  4091 | D:4      | Reached XP level 7. HP: 50/56 MP: 6/6
  4134 | D:4      | Reached skill level 10 in Polearms
  4298 | D:4      | Noticed Eustachio
  4319 | D:4      | Killed Eustachio
  4320 | D:4      | Reached skill level 11 in Polearms
  4489 | D:4      | Reached *** piety under Zin
  5299 | D:4      | Reached XP level 8. HP: 60/62 MP: 7/7
  5652 | D:5      | Entered Level 5 of the Dungeon
  5853 | D:5      | Reached skill level 12 in Polearms
  6168 | D:5      | Found a staircase to the Ecumenical Temple.
  6180 | Temple   | Entered the Ecumenical Temple
  6505 | Temple   | Fell from the grace of Zin
  6505 | Temple   | Became a worshipper of Gozag Ym Sagoz the Greedy
  6982 | D:6      | Reached skill level 13 in Polearms
  8287 | D:6      | Noticed Maggie
  8302 | D:6      | Killed Maggie
  8303 | D:6      | Reached skill level 5 in Fighting
  8303 | D:6      | Reached XP level 9. HP: 23/74 MP: 8/8
  9424 | D:7      | Noticed a two-headed ogre
  9435 | D:7      | Reached skill level 1 in Armour
  9435 | D:7      | Killed a two-headed ogre
  9841 | D:7      | Noticed logorrheac's ghost (novice DsBr)
  9842 | D:7      | Found a transporter.
  9842 | D:7      | Found a transporter.
 10672 | D:8      | Reached XP level 10. HP: 73/84 MP: 9/9
 10830 | D:8      | Found a glowing golden altar of the Shining One.
 11267 | D:9      | Noticed Erolcha
 11280 | D:8      | Killed Erolcha
 11281 | D:8      | Reached skill level 10 in Armour
 12072 | D:9      | Reached skill level 1 in Slings
 12311 | D:9      | Found a staircase to the Lair.
 13197 | D:9      | Identified a scroll of acquirement
 13197 | D:9      | Acquired 659 gold pieces
 13822 | D:9      | Reached skill level 5 in Slings
 13835 | D:9      | Reached XP level 11. HP: 82/95 MP: 10/10
 14280 | D:9      | Noticed a two-headed ogre
 14287 | D:9      | Killed a two-headed ogre
 14352 | D:9      | Noticed a centaur warrior
 14366 | D:9      | Noticed a deep elf pyromancer
 14378 | D:9      | Killed a centaur warrior
 14389 | D:9      | Noticed a deep elf pyromancer
 14394 | D:9      | Killed a deep elf pyromancer
 14395 | D:9      | Reached skill level 10 in Fighting
 14403 | Lair:1   | Entered Level 1 of the Lair of Beasts
 15167 | Lair:1   | Noticed a four-headed hydra
 15180 | Lair:1   | Killed a one-headed hydra
 15431 | Lair:1   | Noticed an oklob plant
 15851 | Lair:1   | Reached skill level 14 in Polearms
 16900 | Lair:2   | Reached skill level 15 in Polearms
 18093 | Lair:2   | Reached XP level 12. HP: 108/108 MP: 11/11
 18164 | Lair:2   | Found a runed translucent gate.
 18169 | Lair:2   | Noticed Harold
 18184 | Lair:2   | Killed Harold
 18202 | Lair:2   | Noticed Fannar
 18823 | Lair:2   | Killed Fannar
 18824 | Lair:2   | Reached skill level 5 in Throwing
 19210 | Lair:2   | Found a runed translucent gate.
 19210 | Lair:2   | Found a runed translucent gate.
 19213 | Lair:2   | Noticed Heh's ghost (journeyman OpBr)
 19213 | Lair:2   | Noticed an 11-headed hydra
 19330 | Lair:2   | Found a radiant altar of Vehumet.
 20121 | Lair:3   | Found a staircase to the Swamp.
 20591 | Lair:3   | Found the +4 skin of Zhor {*Englaciate rC+++ SInv}
 20675 | Lair:3   | Slain by a cane toad

Illustrated notes

Levels and vault maps discovered:
D:1:      lightli_arrival_windingriver, layout_loops_corners,
          hellmonk_ecumenical_altar_run_dry, minmay_split_cup_small
D:2:      layout_rooms, uniq_sigmund, uniq_natasha
D:3:      layout_basic, ebering_ghost_disaster_area, minivault_25,
          chequers_big_river, uniq_terence, uniq_grinder,
          uniq_crazy_yiuf_cottage, uniq_jessica
D:4:      layout_loops_ring, chequers_serial_rivers_micro_c, uniq_eustachio
D:5:      layout_basic, minmay_temple_entry_waves, serial_corexii_hall,
          corexii_hall_statues_x, corexii_hall_statues_s
D:6:      layout_basic, uniq_maggie
D:7:      layout_loops_cross, gammafunk_ghost_hive
D:8:      layout_basic, nicolae_tso_swordbearing_angel, minivault_24
D:9:      minmay_slanted_spiral_squares, layout_layer_cave,
          due_lair_maze_entry_diamond, enter_bailey_5, uniq_erolcha
Temple:   mainiacjoe_temple_circle_huts
Lair:1:   lemuel_slime, layout_chaotic_city, st_stairs_10,
          nicolae_quartered_pool_little
Lair:2:   layout_gridlike, gammafunk_ghost_hydra_chop, lemuel_centaur_altar,
          grunt_megastairs_2, uniq_harold, uniq_fannar
Lair:3:   layout_cave_pods, minmay_swamp_entry_worms,
          guppyfry_snake_entry_island, hellmonk_guarded_unrand_zhor

Skill      XL: |  1  2  3  4  5  6  7  8  9 10 11 12 |
---------------+-------------------------------------+-----
Polearms       | 4 5 6 8 9 11 13 15 | 15.9
Fighting       | 5 6 8 10 | 10.6
Armour         | 9 11 | 11.3
Slings         | 5 7 |  7.5
Throwing       | 7 |  7.6
Dodging        | |  3.2

Action                   |  1- 3 |  4- 6 |  7- 9 | 10-12 || total
-------------------------+-------+-------+-------+-------++-------
Melee: Trident           |    69 |   103 |   214 |       ||   386
       Headbutt          |     7 |    18 |    50 |    64 ||   139
       Punch             |       |     1 |     6 |       ||     7
       Halberd           |       |       |    95 |   433 ||   528
Throw: Throwing net      |       |     2 |     1 |       ||     3
       Boomerang         |       |       |    20 |   138 ||   158
Invok: Recite            |       |     1 |       |       ||     1
       Potion Petition   |       |       |       |     6 ||     6
Evoke: Wand              |       |       |     3 |     9 ||    12
  Use: Potion            |       |     1 |     6 |     3 ||    10
       Scroll            |       |       |     9 |    17 ||    26
 Stab: Held in net/web   |       |     1 |       |       ||     1
       Distracted        |       |       |       |     1 ||     1
Armor: Leather armour    |    19 |     1 |       |       ||    20
       Chain mail        |       |    28 |    76 |       ||   104
       Plate armour      |       |       |    12 |   214 ||   226
Dodge: Dodged            |    39 |    28 |    72 |   143 ||   282

Table legend: (Time is in decaauts)
 A = Elapsed time spent in this place.
 B = Non-inter-level travel time spent in this place.
 C = Inter-level travel time spent in this place.
 D = Time resting spent in this place.
 E = Time spent auto-exploring this place.
 F = Levels seen in this place.
 G = Mean time per level.
                   A        B        C        D        E       F      G
               +--------+--------+--------+--------+--------+-----+--------+
         Total |  20484 |  20087 |    397 |   9284 |   7998 |  13 | 1575.7 |
       Dungeon |  13942 |  13594 |    348 |   5409 |   6155 |   9 | 1549.1 |
        Temple |    342 |    316 |     26 |      0 |    293 |   1 |  342.0 |
          Lair |   6198 |   6176 |     22 |   3875 |   1550 |   3 | 2066.0 |
               +--------+--------+--------+--------+--------+-----+--------+

Top non-repeatable levels by time:
  Lair:1: 2889 daAuts
  Lair:2: 2727 daAuts
     D:9: 2425 daAuts
     D:6: 1936 daAuts
     D:4: 1794 daAuts
     D:3: 1641 daAuts
     D:8: 1501 daAuts
     D:5: 1288 daAuts
     D:7: 1147 daAuts
     D:1: 1124 daAuts
     D:2: 1082 daAuts
  Lair:3: 581 daAuts
  Temple: 342 daAuts
